[Event "Early-Titled-Tuesday-Blitz-September-12-2023"]
[Site "Chess.com"]
[Date "2023.09.12"]
[Round "5"]
[White "Rakitic2010"]
[Black "chess123456s"]
[Result "0-1"]
[WhiteElo "2405"]
[BlackElo "2623"]
[TimeControl "180+1"]
[EndTime "8:53:06 PDT"]
[Termination "chess123456s won by resignation"]

1. e4 c6 2. Nf3 d5 3. exd5 cxd5 4. Ne5 Nc6 5. d4 Nxe5 6. dxe5 e6 7. Nd2 Ne7 8. Nf3 Nc6 9. c3 Bc5 10. Bf4 Qb6 11. Qd2 O-O 12. Bd3 d4 13. O-O dxc3 14. bxc3 Qc7 15. Ng5 h6 16. Nf3 Rd8 17. Rad1 Bf8 18.
Qe2 b6 19. Bxh6 gxh6 20. Qe4 Bg7 21. Rfe1 Bb7 22. Qh7+ Kf8 23. Re4 Nxe5 24. Nxe5 Bxe4 25. Qxe4 Qxe5 26. Qf3 Qxc3 27. h4 Rd5 28. Be4 Qxf3 29.
Rxd5 Qxe4 0-1

[Event "Early-Titled-Tuesday-Blitz-September-12-2023"]
[Site "Chess.com"]
[Date "2023.09.12"]
[Round "5"]
[White "inagreV"]
[Black "Artem_Sadovsky"]
[Result "0-1"]
[WhiteElo "2265"]
[BlackElo "2542"]
[TimeControl "180+1"]
[EndTime "8:53:10 PDT"]
[Termination "Artem_Sadovsky won by resignation"]

1. e4 g6 2. d4 Bg7 3. c4 d6 4.
Nc3 e5 5. Nge2 Nc6 6. Be3 f5 7. exf5 Bxf5 8. dxe5 Nxe5 9. Nd4 Bd7 10. Be2 Nf6 11. O-O O-O 12. Qb3 Nfg4 13. c5+ Kh8 14. cxd6 Qh4 15. Bxg4 Nxg4 16. h3 Nxe3 17. fxe3 Bxd4 18.
exd4 Qxd4+ 19. Kh1 Bc6 20. Ne2 Qe4 21. Qc3+ Kg8 22.
Rg1 Qxe2 23. dxc7 Rf3 24. Qxc6 bxc6 25. Rad1 Rff8 26. Rge1 Qxb2 27. Rd7 Qxa2 28. Ree7 Qa1+ 29. Kh2 a5 30. h4 a4 31. h5 gxh5 32. Rxh7 Qe5+ 33.
Kg1 a3 34. Rh6 Qg7 0-1

[Event "Early-Titled-Tuesday-Blitz-September-12-2023"]
[Site "Chess.com"]
[Date "2023.09.12"]
[Round "5"]
[White "Tssunami"]
[Black "Alexei_Gubajdullin"]
[Result "0-1"]
[WhiteElo "2441"]
[BlackElo "2619"]
[TimeControl "180+1"]
[EndTime "8:53:11 PDT"]
[Termination "Alexei_Gubajdullin won by resignation"]

1. d4 Nf6 2. c4 g6 3. Nc3 Bg7 4.
e4 d6 5. Be3 O-O 6. Be2 Na6 7.
h4 h5 8. Nf3 c5 9. d5 e6 10.
dxe6 Bxe6 11. Ng5 Ng4 12. Nxe6 Nxe3 13. Nxd8 Nxd1 14. Rxd1 Raxd8 15. Nd5 Rfe8 16. f3 Kf8 17. b3 Bd4 18. b4 Nxb4 19. Rxd4 Nc2+ 20. Kd2 Nxd4 21.
Rb1 Nxe2 22. Kxe2 b6 23. a4 Rb8 24. Kd3 Red8 25. g3 Rd7 26. Rg1 a6 27. Rb1 Rdb7 28. Nc3 Ke7 29. Ke3 Ke6 30. Kd3 f5 31. exf5+ Kxf5 32. Nd5 b5 33. Re1 bxc4+ 34. Kxc4 Rb4+ 35.
Nxb4 Rxb4+ 36. Kd5 Rd4+ 37. Kc6 c4 38. a5 c3 39. Rc1 Rd3 40. Kb6 d5 41. Kxa6 d4 42.
Kb5 Rxf3 43. a6 Rf2 44. Ra1 Kg4 45. a7 Rf8 46. Kc4 Ra8 47. Kxd4 c2 48. Ke5 Rxa7 49.
Rc1 Rc7 50. Kd6 Rc3 51. Ke5 Kxg3 52. Kf6 Kxh4 53. Kxg6 Kg4 54. Rg1+ Kf3 55. Rc1 h4 0-1

[Event "Early-Titled-Tuesday-Blitz-September-12-2023"]
[Site "Chess.com"]
[Date "2023.09.12"]
[Round "5"]
[White "sokidze"]
[Black "NicolaiMaxime"]
[Result "1-0"]
[WhiteElo "2785"]
[BlackElo "2540"]
[TimeControl "180+1"]
[EndTime "8:53:14 PDT"]
[Termination "sokidze won by checkmate"]

1. e4 c5 2. Nf3 Nc6 3. Bb5 Nf6 4.
Nc3 g6 5. e5 Nh5 6. Bxc6 dxc6 7.
h3 Nf4 8. d3 Nd5 9. Ne4 Bg7 10.
O-O b6 11. Re1 O-O 12. Bd2 h6 13. Ng3 Be6 14. Qc1 Kh7 15. Re4 Qd7 16. Bxh6 Rh8 17.
Rh4 Kg8 18. Qg5 Nb4 19. Bxg7 Kxg7 20. Nh5+ Rxh5 21. Rxh5 Rh8 22. Rxh8 Kxh8 23. Qh6+ Kg8 24. Ng5 f6 25. Qxg6+ Kh8 26. Qh7# 1-0

[Event "Early-Titled-Tuesday-Blitz-September-12-2023"]
[Site "Chess.com"]
[Date "2023.09.12"]
[Round "5"]
[White "IMTominho"]
[Black "yuki_chess123"]
[Result "1-0"]
[WhiteElo "2802"]
[BlackElo "2182"]
[TimeControl "180+1"]
[EndTime "8:53:14 PDT"]
[Termination "IMTominho won on time"]

1. g3 d5 2. Bg2 c6 3. b3 Nf6 4. Bb2 g6 5. Nf3 Bg7 6. O-O O-O 7. d4 Ne4 8. e3 f5 9. Nc3 Nd7 10.
Ne2 e6 11. Nf4 Qe7 12. c4 b6 13. a4 Re8 14. Ba3 Qf7 15. Rc1 Bb7 16. Re1 Rad8 17. Qc2 dxc4 18. bxc4 e5 19. Nd3 exd4 20. exd4 c5 21.
d5 h6 22. Nf4 Nf8 23. Bb2 Bxb2 24. Qxb2 Ba6 25. Nd2 Nxd2 26. Qxd2 Rxe1+ 27. Qxe1 Re8 28. Qd2 g5 29. Ne2 Ng6 30. f4 Qe7 31. Bf1 Qe3+ 32.
Qxe3 Rxe3 33. Kf2 Ra3 34. fxg5 hxg5 35. Nc3 Bc8 36. Ke3 1-0

[Event "Early-Titled-Tuesday-Blitz-September-12-2023"]
[Site "Chess.com"]
[Date "2023.09.12"]
[Round "5"]
[White "Zavgorodniy_Sergiy"]
[Black "EvgenyBurmakin"]
[Result "1-0"]
[WhiteElo "2526"]
[BlackElo "2282"]
[TimeControl "180+1"]
[EndTime "8:53:15 PDT"]
[Termination "Zavgorodniy_Sergiy won by resignation"]

1. d4 Nf6 2. c4 g6 3. Nc3 Bg7 4. e4 d6 5. Be2 O-O 6. Nf3 e5 7. O-O Nc6 8. d5 Ne7 9. Ne1 Nd7 10. Be3 f5 11. f3 f4 12. Bf2 g5 13.
a4 Nf6 14. c5 Rf7 15. a5 Ng6 16.
cxd6 cxd6 17. Nb5 a6 18. Bb6 Qe7 19. Nc7 Rb8 20. Ba7 Qxc7 21. Rc1 Qxa5 22. Bxb8 Bd7 23. Bxd6 Qb6+ 24. Bc5 Qxb2 25. Rb1 Qc3 26. Nd3 Bb5 27.
Bb4 Qd4+ 28. Kh1 g4 29. Qc2 gxf3 30. gxf3 Qe3 31. Bc5 Bxd3 32. Bxd3 Ng4 33. Bxe3 Nxe3 34. Qc8+ Bf8 35. Rg1 Kh8 36. Rxb7 1-0

[Event "Early-Titled-Tuesday-Blitz-September-12-2023"]
[Site "Chess.com"]
[Date "2023.09.12"]
[Round "5"]
[White "Amirreza_p"]
[Black "reniite"]
[Result "1-0"]
[WhiteElo "2571"]
[BlackElo "2368"]
[TimeControl "180+1"]
[EndTime "8:53:16 PDT"]
[Termination "Amirreza_p won by resignation"]

1. Nf3 d5 2. c4 e6 3. g3 Nf6 4.
Bg2 c5 5. cxd5 exd5 6. d4 Nc6 7. O-O b6 8. Nc3 Be7 9. b3 O-O 10. Bb2 Ne4 11. Na4 Bb7 12. Rc1 c4 13. bxc4 dxc4 14. d5 Na5 15. Qd4 Nf6 16. e4 Re8 17. Rfd1 b5 18. Nc5 Bxc5 19. Qxc5 Nxe4 20. Qxb5 Nd6 21. Qc5 Qb6 22. Bd4 Qxc5 23. Bxc5 Ne4 24. Bb4 Bxd5 25. Rxd5 Nc6 26. Be1 c3 27. Bxc3 Nxc3 28. Rxc3 Nb4 29.
Rd2 1-0

[Event "Early-Titled-Tuesday-Blitz-September-12-2023"]
[Site "Chess.com"]
[Date "2023.09.12"]
[Round "5"]
[White "Grandmaster1369"]
[Black "Vision_64"]
[Result "1-0"]
[WhiteElo "2569"]
[BlackElo "2351"]
[TimeControl "180+1"]
[EndTime "8:53:19 PDT"]
[Termination "Grandmaster1369 won by resignation"]

1. e4 e6 2. d4 d5 3. e5 Bd7 4. c3 a6 5. Nf3 Bb5 6. Bd3 Bxd3 7.
Qxd3 Ne7 8. Bg5 Nd7 9. O-O c5 10. Nbd2 h6 11. Bxe7 Bxe7 12. Ne1 Qb6 13. f4 Rc8 14.
Nef3 g6 15. Kh1 Nb8 16. a3 Nc6 17. b4 cxd4 18. cxd4 Qb5 19. Qe3 Kd7 20. Nb3 Qb6 21. Nc5+ Bxc5 22. bxc5 Qc7 23. Rab1 Rb8 24. Rb6 Na5 25.
Nd2 h5 26. Rfb1 h4 27. h3 Ke7 28. Qc3 Nc6 29. Qb3 Nd8 30. Nf3 Kf8 31. Rxa6 bxa6 32. Qxb8 Qa5 33. Qb6 Qxb6 34. Rxb6 a5 35. c6 Ke7 36. c7 1-0

[Event "Early-Titled-Tuesday-Blitz-September-12-2023"]
[Site "Chess.com"]
[Date "2023.09.12"]
[Round "5"]
[White "campochess"]
[Black "Jackalhead_Anubis"]
[Result "1-0"]
[WhiteElo "2125"]
[BlackElo "2365"]
[TimeControl "180+1"]
[EndTime "8:53:19 PDT"]
[Termination "campochess won by resignation"]

1. d4 Nf6 2. Bg5 d5 3. Nd2 c5 4.
e3 Nc6 5. c3 h6 6. Bxf6 exf6 7.
Qf3 cxd4 8. exd4 Be6 9. Ne2 Bd6 10. Nf4 O-O 11. Nxe6 fxe6 12. Qh3 Re8 13. Be2 e5 14.
dxe5 fxe5 15. O-O Qf6 16. Rad1 e4 17. Nb3 Re5 18. c4 dxc4 19. Bxc4+ Kh8 20. Qd7 Rd8 21. Qxb7 Re7 22. Qb5 Ne5 23. Be2 Qg5 24. Kh1 Re6 25.
Nd4 Rg6 26. g3 e3 27. f4 Qe7 28. fxe5 Bxe5 29. Nf5 Qc7 1-0

[Event "Early-Titled-Tuesday-Blitz-September-12-2023"]
[Site "Chess.com"]
[Date "2023.09.12"]
[Round "5"]
[White "amylazy"]
[Black "crazy_but_lazy"]
[Result "0-1"]
[WhiteElo "2457"]
[BlackElo "2632"]
[TimeControl "180+1"]
[EndTime "8:53:22 PDT"]
[Termination "crazy_but_lazy won by resignation"]

1. d4 Nf6 2. Nf3 g6 3. g3 Bg7 4. Bg2 O-O 5. O-O d6 6. a4 c6 7. a5 Bf5 8. Nc3 Ne4 9. Nh4 Nxc3 10.
bxc3 Be6 11. e4 Bc4 12. Re1 Nd7 13. Nf3 Qc7 14. Nd2 Ba6 15. Ba3 c5 16. e5 dxe5 17. dxc5 Nxc5 18. Ne4 Nxe4 19. Bxe4 Rfd8 20. Qf3 e6 21.
Rab1 Rab8 22. Red1 f5 23. Rxd8+ Rxd8 24. Bd3 e4 25.
Qe3 exd3 26. cxd3 Bxd3 27. Qxe6+ Kh8 28. Re1 Be4 29. c4 Qd7 0-1

[Event "Early-Titled-Tuesday-Blitz-September-12-2023"]
[Site "Chess.com"]
[Date "2023.09.12"]
[Round "5"]
[White "OchsenfroschGambit"]
[Black "elchacal664"]
[Result "1-0"]
[WhiteElo "2318"]
[BlackElo "2416"]
[TimeControl "180+1"]
[EndTime "8:53:28 PDT"]
[Termination "OchsenfroschGambit won by resignation"]

1. d4 e5 2. dxe5 Nc6 3. Nf3 Qe7 4. Bf4 Qb4+ 5. Bd2 Qxb2 6. Nc3 Bb4 7. Rb1 Qxc3 8. Bxc3 Bxc3+ 9. Nd2 Nxe5 10. e4 Nf6 11.
Bd3 O-O 12. O-O d6 13. h3 b6 14. Nf3 Bb7 15. Nxe5 dxe5 16. Qe2 Bd4 17. Kh2 Rfe8 18. f3 Rac8 19. Ba6 Rb8 20. Bxb7 Rxb7 21. Qb5 Re6 22. Rfd1 h5 23. c3 Be3 24. Rd8+ Kh7 25. Qa6 h4 26. Qxb7 Bf4+ 27. Kg1 Nh5 28. Re1 Bg5 29. Rd7 Rg6 30. Rxf7 Nf4 31. Kf1 Bh6 32. Rxf4 Bxf4 33. Qxc7 Rf6 34. Rd1 1-0

[Event "Early-Titled-Tuesday-Blitz-September-12-2023"]
[Site "Chess.com"]
[Date "2023.09.12"]
[Round "5"]
[White "Alphafischer2019"]
[Black "FredddieCroderg"]
[Result "0-1"]
[WhiteElo "2534"]
[BlackElo "2310"]
[TimeControl "180+1"]
[EndTime "8:53:32 PDT"]
[Termination "FredddieCroderg won by resignation"]

1. Nf3 d6 2. d4 Bg4 3. g3 Bxf3 4.
exf3 g6 5. Bg2 Bg7 6. O-O c6 7. f4 d5 8. c3 e6 9. Nd2 Ne7 10. Nf3 Nd7 11. h4 h5 12. Ng5 Nf5 13. Re1 O-O 14.
g4 hxg4 15. Qxg4 Nf6 16. Qh3 c5 17. Be3 cxd4 18. cxd4 Rc8 19. Bf3 Bh6 20. h5 Bxg5 21. fxg5 Ne4 22. Bxe4 dxe4 23. hxg6 fxg6 24. Rac1 Rxc1 25.
Rxc1 Nxe3 26. Qxe6+ Kh8 27. Qh3+ Kg7 28. Qxe3 Rf3 29. Qd2 e3 30. fxe3 Qxg5+ 31. Qg2 Rg3 0-1

[Event "Early-Titled-Tuesday-Blitz-September-12-2023"]
[Site "Chess.com"]
[Date "2023.09.12"]
[Round "5"]
[White "Khromkin"]
[Black "VOneChess"]
[Result "1-0"]
[WhiteElo "2432"]
[BlackElo "2215"]
[TimeControl "180+1"]
[EndTime "8:53:32 PDT"]
[Termination "Khromkin won on time"]

1. d4 Nf6 2. c4 c5 3. Nf3 cxd4 4. Nxd4 Nc6 5. Nc3 g6 6. g3 Bg7 7. Bg2 O-O 8. O-O d6 9. b3 Bd7 10. Bb2 Rc8 11. Nd5 Re8 12. Nxf6+ Bxf6 13. Nxc6 Bxc6 14. Bxf6 Bxg2 15. Kxg2 exf6 16. Qd2 Qe7 17. Rfe1 Rcd8 18. Rad1 Qe4+ 19. Kg1 Re5 20. Qd4 Kf8 21. Qxa7 d5 22. Qxb7 Re7 23. Qb6 Rde8 24. cxd5 Rc7 25. Qxf6 Rd7 26. d6 Kg8 27. Rd2 1-0

[Event "Early-Titled-Tuesday-Blitz-September-12-2023"]
[Site "Chess.com"]
[Date "2023.09.12"]
[Round "5"]
[White "Sina_Movahed"]
[Black "Sammed_Shete"]
[Result "1-0"]
[WhiteElo "3051"]
[BlackElo "2698"]
[TimeControl "180+1"]
[EndTime "8:53:34 PDT"]
[Termination "Sina_Movahed won by checkmate"]

1. e4 c5 2. Nf3 d6 3. d4 cxd4 4. Nxd4 Nf6 5. Nc3 a6 6. h3 e5 7. Nf3 Be6 8. Ng5 Be7 9. Nxe6 fxe6 10. g4 O-O 11. g5 Ne8 12. Qg4 Qc8 13. Be3 Nc6 14. O-O-O b5 15. h4 Na5 16. Bh3 Nc7 17.
g6 h6 18. Qh5 Qd7 19. Nd5 Rac8 20. Nb6 Qc6 21. Bxh6 Rxf2 22. Bd2 Bf6 23. Nxc8 Kf8 24.
Qh8# 1-0

[Event "Early-Titled-Tuesday-Blitz-September-12-2023"]
[Site "Chess.com"]
[Date "2023.09.12"]
[Round "5"]
[White "ploxoi"]
[Black "biesiadnik"]
[Result "1-0"]
[WhiteElo "2398"]
[BlackElo "2558"]
[TimeControl "180+1"]
[EndTime "8:53:37 PDT"]
[Termination "ploxoi won on time"]

1. d4 d5 2. c4 e6 3. Nf3 Nf6 4.
g3 Be7 5. Bg2 O-O 6. O-O dxc4 7.
Qc2 a6 8. a4 Bd7 9. Rd1 Bc6 10.
Nc3 Bxf3 11. Bxf3 Nc6 12. Bxc6 bxc6 13. a5 Qb8 14. Ra4 Qb3 15. Qxb3 cxb3 16. Rc4 Rfd8 17. Rxc6 Bb4 18. Na4 Bxa5 19. Nc5 Bb6 20. Nxb3 a5 21.
Bf4 Nd5 22. e3 a4 23. Nd2 Nb4 24. Rc4 Nd3 25. Rb1 Ba5 26. Ne4 Nxf4 27. gxf4 Bb6 28.
Ra1 f5 29. Nc3 Ba5 30. Rcxa4 1-0

[Event "Early-Titled-Tuesday-Blitz-September-12-2023"]
[Site "Chess.com"]
[Date "2023.09.12"]
[Round "5"]
[White "Zohid6"]
[Black "Duhless"]
[Result "1/2-1/2"]
[WhiteElo "2740"]
[BlackElo "2979"]
[TimeControl "180+1"]
[EndTime "8:53:39 PDT"]
[Termination "Game drawn by repetition"]

1. d4 Nf6 2. Nc3 d5 3. Bf4 e6 4. Nb5 Bb4+ 5. c3 Ba5 6. a4 a6 7. b4 axb5 8. axb5 Bd7 9. e3 Bxb4 10. cxb4 Rxa1 11. Qxa1 O-O 12. Bd3 Nh5 13. Be5 f6 14. Bg3 Be8 15. Qb1 h6 16. Ne2 Nd7 17. O-O Nb6 18.
Rc1 Nxg3 19. hxg3 g5 20. Qc2 Rf7 21. Bg6 Re7 22. Bxe8 Qxe8 23. Nc3 Kg7 24. Ra1 h5 25. f3 e5 26. Rd1 Kh6 27. Kh2 exd4 28. Rxd4 Rxe3 29.
Nxd5 Nxd5 30. Rxd5 Re2 31. Qxc7 Rxg2+ 32. Kxg2 Qe2+ 33. Kg1 Qe1+ 34. Kg2 Qe2+ 35. Kg1 Qe3+ 36. Kg2 Qe2+ 1/2-1/2

[Event "Early-Titled-Tuesday-Blitz-September-12-2023"]
[Site "Chess.com"]
[Date "2023.09.12"]
[Round "5"]
[White "Forge13"]
[Black "InitiatingASC"]
[Result "1-0"]
[WhiteElo "2620"]
[BlackElo "2341"]
[TimeControl "180+1"]
[EndTime "8:53:39 PDT"]
[Termination "Forge13 won by resignation"]

1. e4 c5 2. c4 e5 3. Nc3 Nc6 4.
g3 g6 5. Bg2 Bg7 6. d3 Nge7 7.
a3 O-O 8. Rb1 d6 9. Nge2 a5 10.
O-O Nd4 11. b4 axb4 12. axb4 b6 13. Nxd4 cxd4 14. Ne2 Bg4 15. f3 Bd7 16. f4 Ba4 17.
Qd2 Bh6 18. Qb2 Bg7 19. b5 Ra7 20. Bd2 Qc7 21. Bb4 Rfa8 22. Ra1 Nc8 23. Ra3 Qd7 24.
Rfa1 Bxb5 25. cxb5 Qxb5 26. Bh3 Rxa3 27. Rxa3 Rxa3 28.
Qxa3 Ne7 29. Bxd6 1-0

[Event "Early-Titled-Tuesday-Blitz-September-12-2023"]
[Site "Chess.com"]
[Date "2023.09.12"]
[Round "5"]
[White "DvaHrasta"]
[Black "Pumpkin_in_moonlight"]
[Result "1-0"]
[WhiteElo "2475"]
[BlackElo "2279"]
[TimeControl "180+1"]
[EndTime "8:53:41 PDT"]
[Termination "DvaHrasta won on time"]

1. c4 Nf6 2. g3 e5 3. Bg2 d5 4.
cxd5 Nxd5 5. Nf3 Nc6 6. O-O Be6 7. d4 exd4 8. Nxd4 Nxd4 9. Qxd4 Nb4 10. Qc3 Nxa2 11.
Rxa2 Bxa2 12. Na3 Bxa3 13. Qxg7 Rf8 14. bxa3 Qd6 15. Bxb7 Rb8 16. Bf3 Rb1 17. Qxh7 Qe5 18. Bf4 Rxf1+ 19. Kxf1 Qa1+ 20. Kg2 Qf6 21. Qc2 Be6 22.
Qxc7 Rh8 23. Bc6+ 1-0

[Event "Early-Titled-Tuesday-Blitz-September-12-2023"]
[Site "Chess.com"]
[Date "2023.09.12"]
[Round "5"]
[White "abhidabhi"]
[Black "HajiyevKanan"]
[Result "1-0"]
[WhiteElo "2873"]
[BlackElo "2517"]
[TimeControl "180+1"]
[EndTime "8:53:43 PDT"]
[Termination "abhidabhi won on time"]

1. Nf3 c6 2. g3 d5 3. Bg2 Nf6 4. O-O g6 5. c4 Bg7 6. d4 O-O 7. Qb3 Qb6 8. Nc3 Bf5 9. c5 Qxb3 10. axb3 Nbd7 11. b4 a6 12. Bf4 Rfe8 13. h3 h5 14. Nd2 e5 15. dxe5 Nxe5 16. b5 Nfd7 17. bxc6 bxc6 18. e4 dxe4 19. Ndxe4 Nd3 20. Nd6 Nxf4 21.
gxf4 Reb8 22. Bxc6 Ra7 23. Ncb5 axb5 24. Rxa7 Nxc5 25.
Nxf5 gxf5 26. Bd5 Bxb2 27. Rxf7 Kh8 28. Rxf5 Nd3 29. Kh2 Nxf4 30. Bb3 h4 31. Rg1 Rb7 32. Rg4 1-0

[Event "Early-Titled-Tuesday-Blitz-September-12-2023"]
[Site "Chess.com"]
[Date "2023.09.12"]
[Round "5"]
[White "emeli_chess"]
[Black "Doomfist26"]
[Result "0-1"]
[WhiteElo "2351"]
[BlackElo "2621"]
[TimeControl "180+1"]
[EndTime "8:53:43 PDT"]
[Termination "Doomfist26 won by resignation"]

1. d4 Nf6 2. c4 g6 3. Nc3 Bg7 4.
e4 d6 5. f3 O-O 6. Be3 c5 7.
Nge2 Nc6 8. d5 Ne5 9. Ng3 h5 10. Be2 a6 11. a4 e6 12. Bg5 Qb6 13. Ra3 Nh7 14. Rb3 Qc7 15. Be3 f5 16. Qd2 h4 17.
Nf1 fxe4 18. Nxe4 h3 19. Rg1 b5 20. f4 Nxc4 21. Bxc4 bxc4 22. Ra3 Bb7 23. gxh3 exd5 24. Ng5 d4 25. Ne6 Qe7 26. Nxf8 Nxf8 27. Kd1 dxe3 28. Rxe3 Qd7 29. h4 Qxa4+ 30. Ke1 Qa1+ 31. Kf2 Qxb2 32. Qxb2 Bxb2 33. h5 Bd4 34. hxg6 c3 35. f5 c2 36.
Nd2 Re8 0-1

[Event "Early-Titled-Tuesday-Blitz-September-12-2023"]
[Site "Chess.com"]
[Date "2023.09.12"]
[Round "5"]
[White "Zurability"]
[Black "Actuary44"]
[Result "1-0"]
[WhiteElo "2793"]
[BlackElo "2514"]
[TimeControl "180+1"]
[EndTime "8:53:44 PDT"]
[Termination "Zurability won by resignation"]

1. b4 e5 2. Bb2 d6 3. c4 f5 4. e3 Nf6 5. Nf3 Be7 6. d4 e4 7. Ng5 h6 8. Nh3 O-O 9. Nf4 Qe8 10. h4 c6 11. Nc3 Nbd7 12. Ne6 Nb6 13. Nxf8 Bxf8 14. d5 cxd5 15. Nxd5 Nbxd5 16. cxd5 f4 17. Bxf6 gxf6 18. exf4 f5 19. Rc1 Bg7 20. Be2 Qg6 21.
Kf1 Qf6 22. Rh3 Bd7 23. Rc7 Qd8 24. Qc2 Rc8 25. Rxc8 Bxc8 26. Rg3 Kh7 27. Bh5 Bd7 28. Bg6+ Kh8 29. Kg1 Qxh4 30. Qc7 Qe7 31. Bxf5 1-0

[Event "Early-Titled-Tuesday-Blitz-September-12-2023"]
[Site "Chess.com"]
[Date "2023.09.12"]
[Round "5"]
[White "RandomNoob04"]
[Black "Happy1712Drummer"]
[Result "1-0"]
[WhiteElo "2626"]
[BlackElo "2352"]
[TimeControl "180+1"]
[EndTime "8:53:46 PDT"]
[Termination "RandomNoob04 won on time"]

1. e4 c5 2. d4 cxd4 3. c3 d5 4. exd5 Nf6 5. Bb5+ Bd7 6. Bxd7+ Qxd7 7. c4 e6 8. dxe6 Qxe6+ 9. Ne2 Bb4+ 10. Bd2 Bxd2+ 11.
Qxd2 Nc6 12. O-O O-O-O 13. Na3 Ne4 14. Qf4 g5 15. Qf3 Nd2 16. Qd3 Nxf1 17. Rxf1 Ne5 18.
Qe4 f5 19. Nxd4 fxe4 20. Nxe6 Rd2 21. Nxg5 Rxb2 22. Nxe4 Rxa2 23. Nb5 Kb8 24. Nbd6 a5 25. Rb1 Ka8 26. f4 Nc6 27. f5 Rb8 28. f6 a4 29.
f7 a3 30. Rxb7 Ra1+ 31. Kf2 1-0

[Event "Early-Titled-Tuesday-Blitz-September-12-2023"]
[Site "Chess.com"]
[Date "2023.09.12"]
[Round "5"]
[White "GMJustin"]
[Black "Dacean99"]
[Result "0-1"]
[WhiteElo "2255"]
[BlackElo "2516"]
[TimeControl "180+1"]
[EndTime "8:53:47 PDT"]
[Termination "Dacean99 won on time"]

1. d4 d5 2. Nd2 c5 3. dxc5 Nf6 4.
Nb3 e5 5. Bg5 Bxc5 6. Bxf6 gxf6 7. Nxc5 Qa5+ 8. c3 Qxc5 9. e3 Nc6 10. Nf3 Bg4 11. Be2 Rd8 12. Nh4 Bxe2 13. Qxe2 Ne7 14. O-O a5 15. e4 d4 16. cxd4 exd4 17. Rac1 Qg5 18. Nf5 d3 19. Qf3 d2 20. Rc2 Nxf5 21.
exf5 O-O 22. Rd1 Rd7 23. g3 Re8 24. h4 Qh6 0-1

[Event "Early-Titled-Tuesday-Blitz-September-12-2023"]
[Site "Chess.com"]
[Date "2023.09.12"]
[Round "5"]
[White "turayev_shahruh17"]
[Black "ozates"]
[Result "1-0"]
[WhiteElo "2819"]
[BlackElo "2557"]
[TimeControl "180+1"]
[EndTime "8:53:51 PDT"]
[Termination "turayev_shahruh17 won by resignation"]

1. e4 c5 2. Nc3 Nc6 3. Bb5 Nd4 4.
Bc4 a6 5. a4 g6 6. Nge2 Bg7 7.
Nxd4 cxd4 8. Qf3 e6 9. Ne2 Ne7 10. O-O O-O 11. d3 d6 12. Qg3 Kh8 13. Qh4 d5 14.
Bb3 dxe4 15. dxe4 Nc6 16. Bg5 f6 17. Bh6 g5 18. Bxg7+ Kxg7 19. Qg3 e5 20. c3 dxc3 21.
bxc3 h5 22. h4 g4 23. Kh2 Qb6 24. Bd5 Ne7 25. c4 Bd7 26. f4 Ng6 27. f5 Ne7 28. Rab1 Qd6 29. Rxb7 Rfb8 30. Rfb1 Rxb7 31. Rxb7 Rb8 32. Qb3 Rxb7 33. Qxb7 Bxa4 34. Ng3 Be8 35. Qa7 Kf8 36. c5 Qd7 37. Qxa6 Kg7 38. Qd6 Qxd6 39.
cxd6 Nxd5 40. exd5 Kh6 41. Ne4 Kg7 42. Nc5 1-0

[Event "Early-Titled-Tuesday-Blitz-September-12-2023"]
[Site "Chess.com"]
[Date "2023.09.12"]
[Round "5"]
[White "MokshAD1603"]
[Black "vladoboch"]
[Result "1-0"]
[WhiteElo "2591"]
[BlackElo "2422"]
[TimeControl "180+1"]
[EndTime "8:53:52 PDT"]
[Termination "MokshAD1603 won by resignation"]

1. e4 e5 2. Nf3 Nc6 3. Bb5 a6 4. Ba4 Nf6 5. O-O b5 6. Bb3 Bc5 7. c3 d6 8. d4 Bb6 9. h3 O-O 10. Be3 h6 11. Nbd2 Re8 12. Re1 Bb7 13. Rc1 exd4 14. cxd4 Ne7 15. d5 Bxe3 16. Rxe3 Ng6 17. a4 Nd7 18. Nd4 b4 19. a5 Nc5 20. Ba4 Re5 21. Bc6 Rg5 22. N4f3 Bxc6 23. Nxg5 Ba4 24. b3 Qxg5 25. bxa4 h5 26. Nf3 Qf6 27. Qd4 Qe7 28. Qxb4 Re8 29. e5 Nxe5 30. Nxe5 Qf6 31. Ng4 hxg4 32. Rxe8+ Kh7 33. Qxg4 1-0

[Event "Early-Titled-Tuesday-Blitz-September-12-2023"]
[Site "Chess.com"]
[Date "2023.09.12"]
[Round "5"]
[White "Gogolev_Artemy"]
[Black "pankajfm"]
[Result "0-1"]
[WhiteElo "2389"]
[BlackElo "2113"]
[TimeControl "180+1"]
[EndTime "8:53:52 PDT"]
[Termination "pankajfm won by resignation"]

1. d4 Nf6 2. c4 g6 3. g3 Bg7 4.
Nc3 O-O 5. Bg2 d6 6. h3 a6 7. Nf3 Nc6 8. e4 Rb8 9. O-O b5 10. cxb5 axb5 11. d5 Na5 12. b4 Nc4 13. Nd4 Bd7 14.
Qd3 Ne5 15. Qe2 c5 16. dxc6 Nxc6 17. Nxc6 Bxc6 18. Bb2 Qb6 19. Nd5 Bxd5 20. exd5 Rfe8 21. Rac1 e5 22. dxe6 Rxe6 23. Qd3 d5 24. Rc5 Ne4 25. Rxd5 Nxf2 26. Qd2 Ne4+ 0-1

[Event "Early-Titled-Tuesday-Blitz-September-12-2023"]
[Site "Chess.com"]
[Date "2023.09.12"]
[Round "5"]
[White "Sleepless_Knightmare"]
[Black "biostatistician"]
[Result "1-0"]
[WhiteElo "2424"]
[BlackElo "2574"]
[TimeControl "180+1"]
[EndTime "8:53:53 PDT"]
[Termination "Sleepless_Knightmare won by resignation"]

1. e4 e5 2. f4 Nc6 3. Nf3 f5 4.
exf5 e4 5. Ne5 Nf6 6. d4 d6 7. Bb5 dxe5 8. fxe5 Bxf5 9. exf6 Qxf6 10. O-O O-O-O 11.
c3 Bd6 12. Bxc6 bxc6 13. Bf4 Bxf4 14. Rxf4 Qg5 15. Qf1 Rhf8 16. Nd2 Rf6 17. Nb3 Bh3 18. Nc5 Kb8 19. Rxf6 gxf6 20. Kh1 Bc8 21. Nxe4 Qg6 22. Qxf6 Re8 23. Qxg6 hxg6 24. Ng3 Ba6 25. Kg1 Kb7 26.
Kf2 Rf8+ 27. Ke3 Re8+ 28. Kd2 Rf8 29. Ne4 Kb6 30. Re1 Bc4 31. b3 Bd5 32. c4 Bxe4 33. Rxe4 Rf2+ 34. Re2 Rf4 35. Ke3 Rf1 36. Rf2 Re1+ 37.
Kf4 Rd1 38. Ke5 c5 39. d5 Re1+ 40. Kf6 1-0

[Event "Early-Titled-Tuesday-Blitz-September-12-2023"]
[Site "Chess.com"]
[Date "2023.09.12"]
[Round "5"]
[White "Flaccidmoves"]
[Black "Chessmissile07"]
[Result "0-1"]
[WhiteElo "2474"]
[BlackElo "2874"]
[TimeControl "180+1"]
[EndTime "8:53:53 PDT"]
[Termination "Chessmissile07 won by checkmate"]

1. e4 g6 2. d4 Nf6 3. e5 Nh5 4. g4 Ng7 5. Bg2 d5 6. c4 dxc4 7. Nc3 h5 8. g5 Nf5 9. d5 Bg7 10. f4 O-O 11. Nf3 c6 12. O-O cxd5 13. Nxd5 Nc6 14. b3 cxb3 15. axb3 Be6 16. Ne1 Nfd4 17.
Ne3 Nxb3 18. Qxd8 Rfxd8 19. Rb1 Nxc1 20. Rxc1 a5 21. N1c2 a4 22. Na3 Rd3 23. Nec2 Bf5 24. Rfd1 e6 25. Rxd3 Bxd3 26. Bxc6 bxc6 27. Nb4 Be4 28.
Nxc6 Bf8 29. Nb5 a3 30. Ncd4 a2 31. Nb3 Bd5 32. N5d4 Rb8 33. Na1 Rb1 34. Ne2 Ba3 35.
Rf1 Bc5+ 36. Nd4 Bxd4# 0-1

[Event "Early-Titled-Tuesday-Blitz-September-12-2023"]
[Site "Chess.com"]
[Date "2023.09.12"]
[Round "5"]
[White "Gyulamiryan-koryun"]
[Black "MusicCityMaster"]
[Result "1-0"]
[WhiteElo "2030"]
[BlackElo "2368"]
[TimeControl "180+1"]
[EndTime "8:54:06 PDT"]
[Termination "Gyulamiryan-koryun won on time"]

1. e4 c5 2. Nf3 d6 3. d4 cxd4 4. Nxd4 Nf6 5. Nc3 a6 6. Be3 e5 7.
Nb3 Be6 8. f3 Be7 9. Qd2 Nbd7 10. O-O-O Qc7 11. g4 b5 12. a3 Nb6 13. h4 O-O 14. h5 Nc4 15. Qf2 Nxe3 16. Qxe3 Rfc8 17.
Kb1 d5 18. exd5 Bd7 19. d6 Bxd6 20. g5 Ne8 21. Bd3 Be6 22. g6 fxg6 23. hxg6 h6 24.
f4 Nf6 25. f5 Bxb3 26. cxb3 b4 27. Ne4 Be7 28. Bc4+ Kf8 29. Rxh6 gxh6 30. Qxh6+ Ke8 31. Qh8+ Bf8 32. Nxf6+ Ke7 33. Nd5+ 1-0